 Dungeon Crawl Stone Soup version 0.30-a0-779-g7971cf19c3 (console) character file.

Game seed: 13837402001837768638

64 rlgrobin the Conjurer (level 3, -2/31 HPs)
             Began as an Armataur Reaver on Feb 18, 2023.
             Was a Believer of Kikubaaqudgha.
             Killed from afar by Natasha (6 damage)
             ... with a magic dart
             ... on level 2 of the Dungeon.
             The game lasted 00:03:26 (1266 turns).

rlgrobin the Conjurer (Armataur Reaver)             Turns: 1266, Time: 00:03:27

Health: -2/31      AC:  5    Str: 15 (17) XL:     3   Next: 91%
Magic:  14/14      EV:  9    Int:  7 (13) God:    Kikubaaqudgha [**....]
Gold:   76         SH:  0    Dex:  6 (10) Spells: 3/5 levels left

rFire   . . .      SeeInvis .    a - +0 mace
rCold   . . .      Faith    .    (no shield)
rNeg    . . .      Spirit   .    b - +0 leather armour
rPois   .          Reflect  .    (no helmet)
rElec   .          Harm     +    e - scarf {harm}
rCorr   .          Roll     +    k - +0 pair of gloves
Will    .....                    (no barding)
Stlth   +                        (no amulet)
HPRegen 0.25/turn                c - ring of flight
MPRegen 0.14/turn                m - ring of magical power

@: flying, slowed, very slow
A: large, rugged brown scales 3, deformed body, armoured tail, roll, long
tongue, awkward tongue
a: Renounce Religion, Unearth Wretches


You were on level 2 of the Dungeon.
You worshipped Kikubaaqudgha.
Kikubaaqudgha was pleased with you.
You visited 1 branch of the dungeon, and saw 2 of its levels.

You collected 76 gold pieces.

Inventory:

Hand Weapons
 a - a +0 mace (weapon)
Armour
 b - a +0 leather armour (worn)
 e - a scarf of harm (worn)
 k - a +0 pair of gloves (worn)
 l - a +0 cloak
Jewellery
 c - a ring of flight (left hand)
 m - a ring of magical power (right hand)
Scrolls
 d - a scroll of identify {unknown}
 i - a scroll of fog {unknown}
 j - 2 scrolls of teleportation {unknown}
Potions
 h - a potion of heal wounds {unknown}


   Skills:
 - Level 1.7 Fighting
 - Level 2.6 Maces & Flails
 - Level 1.3 Dodging
 - Level 2.0 Stealth
 + Level 1.7 Spellcasting
 - Level 2.9 Conjurations
 + Level 2.2 Necromancy


You had 3 spell levels left.
You knew the following spells:

 Your Spells              Type           Power      Damage    Failure   Level
a - Kiss of Death         Conj/Necr      16%        2d6       17%         1
b - Necrotise             Necr           12%        1d4       19%         1

Your spell library contained the following spells:

 Spells                   Type           Power      Damage    Failure   Level
 Momentum Strike          Conj/Tloc      4%         3d8       36%         2
 Cigotuvi's Dreadful Rot  Necr/Pois/Air  2%         N/A       47%         2
 Vampiric Draining        Necr           3%         2d6       50%         3
 Lesser Beckoning         Tloc           0%         N/A       58%         2
 Hailstorm                Conj/Ice       2%         3d3       61%         3
 Gell's Gravitas          Tloc           0%         N/A       82%         3
 Teleport Other           Tloc           0%         N/A       82%         3


Dungeon Overview and Level Annotations

Branches:
Dungeon (2/15)

Altars:
Kikubaaqudgha

Annotations:
D:2 Natasha


Innate Abilities, Weirdness & Mutations

You are completely covered in rugged brown scales. (AC +3, +7% HP)
Armour fits poorly on your strangely shaped body.
You have a long armoured tail.
You roll when moving toward enemies. (Rampage)
Your long tongue fully drains potion bottles. (2x potion effects)
Your tongue gives you trouble enunciating. (1.5x scroll delay)


Message History

Natasha, Servant of Life and Death comes into view.
Natasha hisses angrily.
Natasha drinks a potion.
Natasha flickers and vanishes!
Deactivating autopickup; reactivate with Ctrl-A.
You miss something.
You hear some strange, mumbled words.
A magic dart appears from out of thin air!
The magic dart hits you.
You closely miss something. Something claws you. x2
You miss something. Something claws you.
You miss something. Something claws you but does no damage.
You hit something.
You hear some strange, mumbled words.
You feel yourself slow down. Something claws you.
* * * LOW HITPOINT WARNING * * *
You slurp down every last drop of the sedimented pink potion!
It was a potion of degeneration.
There was something very wrong with that liquid.
You feel weakened.
You feel dopey.
You feel clumsy.
You hear some strange, mumbled words.
A magic dart appears from out of thin air!
The magic dart hits you.
* * * LOW HITPOINT WARNING * * *
You slurp down every last drop of the puce potion!
It was a potion of curing.
You feel better. Something claws you. x2
You hit something but do no damage. Something claws you.
You closely miss something.
Your tail-slap misses something.
Something claws you but does no damage. Something claws you.
* * * LOW HITPOINT WARNING * * *
You barely miss something.
You hear some strange, mumbled words.
Something claws you.
* * * LOW HITPOINT WARNING * * *
You miss something. Something claws you but does no damage.
The crimson imp misses you.
You hear some strange, mumbled words.
A magic dart appears from out of thin air!
The magic dart hits you.
You die...
Kikubaaqudgha rasps: "You have failed me!
Welcome... death!"

#....)....###
#.........#..
#..>......#..
#.........#.#
#.......)...#
#.........#.#
############.##...
#................#
#@##########.###.#
#{5..# #.# #.#
####.# ####.###.#
.. .>........
######.###.#
#....... #.......
#....... #.......


You could see a crimson imp (summoned).

Vanquished Creatures
  3 adders (D:2)
  A worm (D:2)
  2 dart slugs
  3 bats
  An endoplasm (D:1)
  A giant cockroach (D:1)
  5 goblins
  3 hobgoblins (D:1)
  2 jackals (D:2)
  2 kobolds
  A quokka (D:1)
  2 ball pythons (D:1)
  2 frilled lizards (D:2)
  2 rats (D:1)
30 creatures vanquished.

Notes
Turn   | Place    | Note
-------+----------+-------------------------------------------
     0 | D:1      | rlgrobin the Armataur Reaver began the quest for the Orb.
     0 | D:1      | Reached XP level 1. HP: 18/18 MP: 3/3
    43 | D:1      | Reached skill level 1 in Stealth
   151 | D:1      | Reached XP level 2. HP: 22/25 MP: 4/4
   285 | D:1      | Found a faded altar of an unknown god.
   295 | D:1      | Prayed at the altar of an unknown god.
   295 | D:1      | Became a worshipper of Kikubaaqudgha
   295 | D:1      | Reached * piety under Kikubaaqudgha
   295 | D:1      | Received a gift from Kikubaaqudgha
   792 | D:2      | Reached skill level 1 in Necromancy
   792 | D:2      | Reached XP level 3. HP: 28/31 MP: 5/5
   914 | D:2      | Found The Oracle's Delphic Readings.
  1125 | D:2      | Reached ** piety under Kikubaaqudgha
  1130 | D:2      | Learned a level 1 spell: Necrotise
  1254 | D:2      | Noticed Natasha
  1266 | D:2      | Killed from afar by Natasha

Illustrated notes

Levels and vault maps discovered:
D:1:      giann_horns, layout_basic, hellmonk_ecumenical_altar_crossroads
D:2:      layout_rooms, nicolae_nh_oracle_at_delphi, uniq_natasha

Skill      XL: |  1  2  3 |
---------------+----------+-----
Stealth        | 2 |  2.0
Necromancy     | 1 2 |  2.2
Fighting       | |  1.7
Maces & Flails | |  2.6
Dodging        | |  1.3
Spellcasting   | |  1.7
Conjurations   | |  2.9

Action                     || total
---------------------------++-------
  Melee: Mace              ||   101
         Tailslap          ||     5
    Use: Potion            ||     2
   Stab: Sleeping          ||     1
 Armour: Leather armour    ||    36
  Dodge: Dodged            ||    50

Table legend: (Time is in decaauts)
 A = Elapsed time spent in this place.
 B = Non-inter-level travel time spent in this place.
 C = Inter-level travel time spent in this place.
 D = Time resting spent in this place.
 E = Time spent auto-exploring this place.
 F = Levels seen in this place.
 G = Mean time per level.
                   A        B        C        D        E       F      G
               +--------+--------+--------+--------+--------+-----+--------+
         Total |   1294 |   1269 |     25 |     39 |    908 |   2 |  647.0 |
       Dungeon |   1294 |   1269 |     25 |     39 |    908 |   2 |  647.0 |
               +--------+--------+--------+--------+--------+-----+--------+

Top non-repeatable levels by time:
     D:1: 776 daAuts
     D:2: 518 daAuts
